AoeStats
← pommesbudenhans6

Arabia

509256797Analyzed
2v2 RM · 6d ago on Sep 26, 2026· 44m 43s· 4 players
Game mode
Random Map
Map size
Medium (4 player)
Population
200
Speed
Normal
Resources
Standard
Victory
Conquest
Starting age
Dark Age
Ending age
Imperial Age
RankedLock teamsTeams togetherTeam positionsShared explorationLock speedFull tech treeHidden civsTurbo modeCheats
Victory
Defeat
🇩🇪 Persians · Germany
1338
+12
🇩🇪 Britons · Germany
1141
+20
🇲🇽 Danes · Mexico
1237
-16
🇲🇽 Magyars · Mexico
1237
-16
echebaum
8:34 Loom
11:42 Feudal Age
15:10 Castle Age
19:20 Double-Bit Axe
24:03 Scale Mail Armor
24:10 Scale Barding Armor
26:56 Wheelbarrow
28:48 Corvinian Army
32:18 Bloodlines
33:52 Bow Saw
36:50 Hand Cart
36:23 Town Watch
41:42 Imperial Age
39:53 Chain Barding Armor
40:33 Horse Collar
41:14 Thumb Ring
41:30 Heavy Plow
41:48 Padded Archer Armor
41:38 Fletching
43:04 Parthian Tactics
44:13 Hoardings
44:15 Murder Holes
44:42 Ballistics
45:22 Chemistry
juanpasp2001825
7:25 Loom
10:09 Feudal Age
10:13 Man-at-Arms
10:40 Double-Bit Axe
10:37 Horse Collar
12:18 Arson
15:24 Fletching
17:30 Padded Archer Armor
22:06 Castle Age
20:42 Stone Mining
22:10 Long Swordsman
22:51 Squires
23:41 Bow Saw
23:48 Gold Mining
24:35 Wheelbarrow
24:04 Heavy Plow
23:54 Gambesons
25:02 Scale Mail Armor
26:24 Gold Shaft Mining
26:13 Chain Mail Armor
26:56 Hand Cart
26:28 Town Watch
27:16 Forging
30:14 Bodkin Arrow
33:13 Imperial Age
31:48 Pikeman
36:15 Plate Mail Armor
39:48 Conscription
40:34 Iron Casting
40:28 Bloodlines
40:18 Husbandry
39:40 Light Cavalry
41:24 Bracer
pommesbudenhans6
5:54 Loom
9:51 Feudal Age
15:30 Double-Bit Axe
20:53 Castle Age
20:08 Double-Bit Axe
22:33 Gold Mining
22:35 Crossbowman
23:20 Fletching
25:48 Bodkin Arrow
25:47 Horse Collar
27:20 Town Watch
27:39 Padded Archer Armor
37:26 Imperial Age
35:33 Ballistics
37:20 Leather Archer Armor
37:19 Masonry
39:55 Imperial Age
40:00 Wheelbarrow
40:10 Stone Mining
40:55 Gold Shaft Mining
44:13 Bracer
46:03 Chemistry
KickersEmden_AoE
6:32 Loom
9:21 Feudal Age
10:27 Horse Collar
10:33 Double-Bit Axe
16:41 Wheelbarrow
20:26 Castle Age
19:29 Forging
19:25 Scale Barding Armor
19:32 Bloodlines
21:40 Bow Saw
34:30 Iron Casting
34:16 Chain Barding Armor
38:55 Imperial Age
37:37 Husbandry
40:24 Blast Furnace
38:46 Cavalier
40:03 Plate Barding Armor
40:54 Savar
Connection lost

Rejoining the realm…

Still unreachable

The connection could not be restored.

Session expired

The server has moved on; the page needs a fresh start.